 Dungeon Crawl Stone Soup version 0.32-a0-814-g0968bab981 (webtiles) character file.

Game seed: 12173796443080992468

1575 shadizar the Digger (level 8, -2/90 HPs)
             Began as a Gnoll Earth Elementalist on Mar 22, 2024.
             Was a Follower of Vehumet.
             Slain by a troll (9 damage)
             ... on level 6 of the Dungeon.
             The game lasted 00:11:12 (6540 turns).

shadizar the Digger (Gnoll Earth Elementalist)      Turns: 6540, Time: 00:11:14

Health: -2/90      AC: 24    Str:  7    XL:     8   Next: 91%
Magic:  3/17       EV:  2    Int: 17    God:    Vehumet [*.....]
Gold:   348        SH:  0    Dex: 13    Spells: 15/19 levels left

rFire   + . .        q - +1 short sword (vamp)
rCold   + . .        (no shield)
rNeg    . . .        a - melded +0 robe
rPois   +            s - melded +1 helmet
rElec   +            e - melded +1 cloak
rCorr   +            x - melded +0 pair of gloves
SInv    .            p - melded +0 pair of boots
Will    +....        (no amulet)
Stlth   +++          i - ring of resist corrosion
HPRegen 0.35/turn    l - ring of willpower
MPRegen 0.15/turn

%: no passive effects
@: tree-form, resistant, attractive, studying Axes
A: stationary, stasis, torment immunity, boosted hp, (fangs 1), strong nose,
distributed training
a: Renounce Religion


You were on level 6 of the Dungeon.
You worshipped Vehumet.
Vehumet was aware of your devotion.
You were a tree.
You visited 2 branches of the dungeon, and saw 9 of its levels.

You collected 348 gold pieces.

Inventory:

Hand Weapons
 q - a +1 vampiric short sword (weapon)
Armour
 a - a +0 robe (melded)
 e - a +1 cloak (melded)
 h - a +1 scale mail of cold resistance
 k - the +3 leather armour of Soft Rains {rF- Str+8}
   (You found it on level 5 of the Dungeon)

   Str+8:     It affects your strength (+8).
   rF-:       It makes you vulnerable to fire.
 p - a +0 pair of boots (melded)
 s - a +1 helmet (melded)
 x - a +0 pair of gloves (melded)
Jewellery
 i - a ring of resist corrosion (left branch)
 l - a ring of willpower (right branch)
 r - a ring of fire
Scrolls
 j - a scroll of poison {unknown}
 o - 2 scrolls of fog {unknown}
 u - 3 scrolls of enchant weapon
 v - 2 scrolls of noise {unknown}
 w - a scroll of revelation
 y - 3 scrolls of identify
 A - 2 scrolls of teleportation {unknown}
Potions
 b - a potion of magic
 c - a potion of lignification
 f - a potion of resistance
 g - a potion of berserk rage {unknown}
 m - a potion of enlightenment {unknown}
 n - 2 potions of attraction
 t - a potion of heal wounds {unknown}
 z - a potion of degeneration {unknown}


   Skills:
 + Level 3.8 Fighting
 + Level 3.8 Short Blades
 + Level 3.8 Long Blades
 + Level 5.2 Axes
 + Level 3.8 Maces & Flails
 + Level 3.8 Polearms
 + Level 3.8 Staves
 + Level 3.8 Ranged Weapons
 + Level 3.8 Throwing
 + Level 3.8 Armour
 + Level 6.0 Dodging
 + Level 5.7 Stealth
 + Level 3.8 Shields
 + Level 3.8 Unarmed Combat
 + Level 6.3 Spellcasting
 + Level 3.8 Conjurations
 + Level 3.1 Hexes
 + Level 3.1 Summonings
 + Level 3.1 Necromancy
 + Level 3.1 Translocations
 + Level 3.1 Fire Magic
 + Level 3.1 Ice Magic
 + Level 3.1 Air Magic
 + Level 6.3 Earth Magic
 + Level 3.1 Alchemy
 + Level 4.2 Invocations
 + Level 3.8 Evocations
 + Level 3.4 Shapeshifting


You had 15 spell levels left.
You knew the following spells:

 Your Spells              Type           Power      Damage    Failure   Level
a - Sandblast             Erth           54%        2d13      1%          1
b - Stone Arrow           Conj/Erth      44%        3d9       4%          3

Your spell library contained the following spells:

 Spells                   Type           Power      Damage    Failure   Level
 Mercury Vapours          Alch/Air       32%        N/A       4%          2
 Passwall                 Erth           27%        N/A       2%          3
 Brom's Barrelling Bould  Conj/Erth      22%        2d4       16%         4
 Petrify                  Alch/Erth      21%        N/A       17%         4


Dungeon Overview and Level Annotations

Branches:
Dungeon (8/15)             Temple (1/1) D:4
   Lair: D:8-11

Altars:
Ashenzari
Cheibriados
Dithmenos
Makhleb
Qazlal
Ru
Trog
Vehumet
Wu Jian
Xom
Yredelemnul
Zin

Shops:
D:1 :[   D:2 [   D:4 [?=   D:5 :

Annotations:
Temple 2 transporters


Innate Abilities, Weirdness & Mutations

You are a tree.
Your roots penetrate the ground, keeping you stationary.
You cannot be teleported.
You are immune to unholy pain and torment.
Your maximum health is greatly increased.
Your equipment is partially melded.
((You have very sharp teeth.))
Your uncanny sense of smell can sniff out nearby items.
Your experience applies equally to all skills.


Message History

The troll is moderately wounded.
The troll barely misses you. The troll claws you.
* * * LOW HITPOINT WARNING * * *
The troll claws you.
* * * LOW HITPOINT WARNING * * *
You hit the troll but do no damage.
The troll is moderately wounded.
The troll bites you.
* * * LOW HITPOINT WARNING * * *
The troll closely misses you. The troll claws you.
* * * LOW HITPOINT WARNING * * *
It was a potion of attraction.
You feel attractive to monsters. The troll bites you but does no damage.
The troll claws you but does no damage. x2
It was a potion of resistance.
You feel protected. The troll bites you but does no damage.
The troll closely misses you. The troll claws you but does no damage.
It was a potion of lignification.
You turn into a tree.
Your +1 cloak melds into your body.
Your +1 helmet melds into your body.
Your +0 pair of gloves melds into your body.
Your +0 pair of boots melds into your body.
Your +0 robe melds into your body.
Your roots penetrate the ground.
The troll barely misses you. The troll claws you but does no damage.
The troll claws you.
* * * LOW HITPOINT WARNING * * *
Unknown command.
Unknown command.
Unknown command.
Unknown command.
Unknown command.
Casting: Sandblast (safe; 1% risk of failure)
Confirm with . or Enter, or press ? or * to list all spells.
Aiming: Sandblast (safe; 1% risk of failure)
Press: ? - help, Shift-Dir - straight line, f/p - troll
Aim: a troll (lightly wounded, 83% to hit)
The blast of sand hits the troll!
The troll is heavily wounded.
The troll bites you!
You die...

#........# #...........
#....#..### ##..........
#....#>.##.# ##.......### .
#....#...#..##..+####..####
######..###..##...# #.....
#..##.#.##...#...####.
#...##.##........# ..
###..#T#..#......#
+.♣#..##....... .#.
#....#...............
........#..##.....###.##
........#..# ...[.# #...
.......###.. ..##.######
....... ...#.## .#.....
....... .#.# #..... .......
. .# ####..... #.....^..


You could see a troll.

Vanquished Creatures
  A water moccasin (D:7)
  An ice beast (D:6)
  A sky beast (D:7)
  A black bear (D:5)
  A phantom (D:6)
  A centaur (D:5)
  2 bullfrogs
  A scorpion (D:5)
  A killer bee (D:6)
  3 howler monkeys
  2 bombardier beetles
  An orc priest (D:3)
  3 hounds
  A gnoll bouda (D:5)
  5 iguanas
  A scorpion zombie (D:4)
  A hound zombie (D:4)
  7 gnolls
  9 adders
  A white imp (D:6)
  4 ufetubi
  2 adder zombies (D:4)
  13 dart slugs
  3 ribbon worms
  8 orcs
  11 endoplasms
  5 giant cockroaches
  4 goblins
  4 hobgoblins
  6 jackals
  4 quokkas
  8 ball pythons
  6 bats
  2 frilled lizards (D:1)
  8 kobolds
  5 rats
137 creatures vanquished.

Notes
Turn   | Place    | Note
-------+----------+-------------------------------------------
     0 | D:1      | shadizar the Gnoll Earth Elementalist began the quest for
                  | the Orb.
     0 | D:1      | Reached XP level 1. HP: 13/13 MP: 6/6
   194 | D:1      | Reached XP level 2. HP: 19/19 MP: 5/7
   399 | D:1      | Found Apra's Antique Armour Boutique.
   527 | D:1      | Reached skill level 5 in Spellcasting
   527 | D:1      | Reached XP level 3. HP: 25/25 MP: 6/9
   846 | D:1      | Found a faded altar of an unknown god.
   928 | D:1      | Found Vohor's Vocational Training.
   989 | D:1      | Reached skill level 1 in Invocations
  1329 | D:2      | Found Ammozu's Antique Armour Shoppe.
  1558 | D:2      | Reached skill level 1 in Fighting
  1558 | D:2      | Reached skill level 1 in Short Blades
  1558 | D:2      | Reached skill level 1 in Long Blades
  1558 | D:2      | Reached skill level 1 in Axes
  1558 | D:2      | Reached skill level 1 in Maces & Flails
  1558 | D:2      | Reached skill level 1 in Polearms
  1558 | D:2      | Reached skill level 1 in Staves
  1558 | D:2      | Reached skill level 1 in Ranged Weapons
  1558 | D:2      | Reached skill level 1 in Throwing
  1558 | D:2      | Reached skill level 1 in Armour
  1558 | D:2      | Reached skill level 1 in Shields
  1558 | D:2      | Reached skill level 1 in Unarmed Combat
  1558 | D:2      | Reached skill level 1 in Evocations
  1810 | D:2      | Reached skill level 1 in Shapeshifting
  1810 | D:2      | Reached XP level 4. HP: 32/32 MP: 8/11
  2434 | D:3      | Reached skill level 1 in Hexes
  2434 | D:3      | Reached skill level 1 in Summonings
  2434 | D:3      | Reached skill level 1 in Necromancy
  2434 | D:3      | Reached skill level 1 in Translocations
  2434 | D:3      | Reached skill level 1 in Fire Magic
  2434 | D:3      | Reached skill level 1 in Ice Magic
  2434 | D:3      | Reached skill level 1 in Air Magic
  2434 | D:3      | Reached skill level 1 in Alchemy
  2748 | D:3      | Reached XP level 5. HP: 37/37 MP: 8/12
  3318 | D:4      | Found Bodduamn's Jewellery Shoppe.
  3351 | D:4      | Reached XP level 6. HP: 44/44 MP: 9/13
  3540 | D:4      | Found a staircase to the Ecumenical Temple.
  3550 | Temple   | Found a transporter.
  3550 | Temple   | Found a transporter.
  3550 | Temple   | Found a transporter.
  3550 | Temple   | Found a transporter.
  3550 | Temple   | Entered the Ecumenical Temple
  3584 | Temple   | Became a worshipper of Vehumet
  3691 | D:4      | Reached skill level 5 in Dodging
  3792 | D:4      | Found a basalt altar of Yredelemnul.
  4095 | D:4      | Found Diosoiwn's Antique Armour Emporium.
  4117 | D:4      | Found Mieteu's Magic Scroll Emporium.
  4357 | D:4      | Found a burning altar of Makhleb.
  4533 | D:5      | Entered Level 5 of the Dungeon
  4760 | D:5      | Noticed a black bear
  4806 | D:5      | Reached XP level 7. HP: 8/51 MP: 10/15
  5012 | D:5      | Learned a level 3 spell: Stone Arrow
  5093 | D:5      | Reached skill level 5 in Stealth
  5167 | D:5      | Reached * piety under Vehumet
  5167 | D:5      | Offered knowledge of Kiss of Death by Vehumet.
  5267 | D:5      | Identified the +3 leather armour of Soft Rains {rF- Str+8}
  5526 | D:5      | Found Ylidanats's Book Shoppe.
  5626 | D:5      | Found a shadowy altar of Dithmenos.
  5852 | D:6      | Reached XP level 8. HP: 58/58 MP: 14/16
  6175 | D:6      | You fall into a shaft and drop 2 floors!
  6258 | D:7      | Reached skill level 5 in Axes
  6266 | D:7      | Offered knowledge of Mercury Vapours by Vehumet.
  6517 | D:6      | Noticed a troll
  6540 | D:6      | Slain by a troll

Illustrated notes

Levels and vault maps discovered:
D:1:      heliophobic_arrival_henge, layout_loops_corners, serial_shops, shop,
          shapermc_ecumenical_altar_mp_urbaneastern, nicolae_shop_vocational
D:2:      layout_loops_corners, serial_shops, nicolae_shop_crystal
D:3:      layout_basic, kennysheep_generic_room_6
D:4:      layout_loops_corners, nicolae_yredelemnul_corpse_copse,
          lemuel_coloured_pillars_altar, minmay_temple_entry_purple_smoke,
          serial_shops, nicolae_shop_rolling_square, shop, shop
D:5:      kennysheep_slugbush, layout_loops_ring,
          grunt_dithmenos_smoke_and_mirrors, serial_shops, shop
D:6:      layout_basic, okawaru_altar_gauntlet_db, led_sif_book,
          amethyst_killhole, minmay_manual_macuahuitl
D:7:      layout_rooms, grunt_temple_overflow_opulence, lemuel_tele_altar,
          bh_walls_and_bars
D:8:      layout_cave_pools, uniq_prince_ribbit1, uniq_maurice
Temple:   hellmonk_temple_divided_pantheon

Skill      XL: |  1  2  3  4  5  6  7  8 |
---------------+-------------------------+-----
Conjurations   | 2 3 |  3.8
Spellcasting   | 5 6 |  6.3
Invocations    | 1 2 3 4 |  4.2
Fighting       | 1 2 3 |  3.8
Short Blades   | 1 2 3 |  3.8
Long Blades    | 1 2 3 |  3.8
Axes           | 1 2 3 4 5 |  5.2
Maces & Flails | 1 2 3 |  3.8
Polearms       | 1 2 3 |  3.8
Staves         | 1 2 3 |  3.8
Ranged Weapons | 1 2 3 |  3.8
Throwing       | 1 2 3 |  3.8
Armour         | 1 2 3 |  3.8
Shields        | 1 2 3 |  3.8
Unarmed Combat | 1 2 3 |  3.8
Evocations     | 1 2 3 |  3.8
Shapeshifting  | 1 2 3 |  3.4
Hexes          | 1 2 3 |  3.1
Summonings     | 1 2 3 |  3.1
Necromancy     | 1 2 3 |  3.1
Translocations | 1 2 3 |  3.1
Fire Magic     | 1 2 3 |  3.1
Ice Magic      | 1 2 3 |  3.1
Air Magic      | 1 2 3 |  3.1
Alchemy        | 1 2 3 |  3.1
Dodging        | 5 6 |  6.0
Stealth        | 5 |  5.7
Earth Magic    | 6 |  6.3

Action                     |  1- 3 |  4- 6 |  7- 9 || total
---------------------------+-------+-------+-------++-------
  Melee: Unarmed           |     1 |       |     2 ||     3
         Bite              |     1 |       |       ||     1
         Short sword       |       |       |     6 ||     6
   Cast: Sandblast         |    54 |    83 |    84 ||   221
         Stone Arrow       |       |       |    14 ||    14
    Use: Scroll            |       |     7 |       ||     7
         Potion            |       |       |     7 ||     7
 Armour: Robe              |     4 |    23 |   101 ||   128
         Skin              |       |       |     3 ||     3
  Dodge: Dodged            |     6 |    21 |   109 ||   136

Table legend: (Time is in decaauts)
 A = Elapsed time spent in this place.
 B = Non-inter-level travel time spent in this place.
 C = Inter-level travel time spent in this place.
 D = Time resting spent in this place.
 E = Time spent auto-exploring this place.
 F = Levels seen in this place.
 G = Mean time per level.
                   A        B        C        D        E       F      G
               +--------+--------+--------+--------+--------+-----+--------+
         Total |   6663 |   6472 |    191 |      0 |   5213 |   9 |  740.3 |
       Dungeon |   6611 |   6420 |    191 |      0 |   5213 |   8 |  826.4 |
        Temple |     51 |     51 |      0 |      0 |      0 |   1 |   51.0 |
               +--------+--------+--------+--------+--------+-----+--------+

Top non-repeatable levels by time:
     D:5: 1522 daAuts
     D:1: 1275 daAuts
     D:4: 1255 daAuts
     D:2: 1062 daAuts
     D:3: 948 daAuts
     D:6: 328 daAuts
     D:7: 158 daAuts
     D:8: 60 daAuts
  Temple: 51 daAuts
